 Dungeon Crawl Stone Soup version 0.22.1-6-g1668fe2 (webtiles) character file.

5530 Fang the Cleaver (level 10, -4/64 HPs)
             Began as a Gargoyle Berserker on Jan 15, 2019.
             Was a High Priest of Trog.
             Slain by a warg (9 damage)
             ... on level 9 of the Dungeon on Jan 17, 2019.
             The game lasted 00:15:11 (9025 turns).

Fang the Cleaver (Gargoyle Berserker)               Turns: 9025, Time: 00:15:13

Health: -4/64      AC: 18    Str: 24    XL:     10   Next: 71%
Magic:  0/10       EV: 10    Int:  8    God:    Trog [*****.]
Gold:   478        SH:  0    Dex:  9    Spells: 9/9 levels left

rFire    . . .     SeeInvis .   B - +0 war axe
rCold    . . .     Gourm    .   (no shield)
rNeg     + . .     Faith    .   e - +0 chain mail
rPois    ∞         Spirit   +   (no helmet)
rElec    +         Reflect  .   (no cloak)
rCorr    .         Harm     .   (no gloves)
MR       .....     Rnd*Tele +   (no boots)
Stlth    ..........             h - amulet of guardian spirit
HPRegen  0.20/turn              y - ring of teleportation (curse)
MPRegen  0.12/turn              (no ring)

@: berserk cooldown, slowed, very slow
A: negative energy resistance 1, electricity resistance, unbreathing,
petrification resistance, rot immunity, AC +7
a: Berserk, Trog's Hand, Brothers in Arms, Renounce Religion


You were on level 9 of the Dungeon.
You worshipped Trog.
Trog was extremely pleased with you.
You were near starving.

You visited 2 branches of the dungeon, and saw 10 of its levels.
You also visited: Sewer.

You collected 478 gold pieces.

Inventory:

Hand Weapons
 B - a +0 war axe (weapon)
Armour
 e - a +0 chain mail (worn)
Jewellery
 h - an amulet of guardian spirit (around neck)
 x - an uncursed amulet of regeneration
 y - a cursed ring of teleportation (left hand)
Wands
 w - a wand of disintegration (14)
 D - a wand of flame (29)
Scrolls
 b - a scroll of noise {unknown}
 d - 5 scrolls of remove curse {unknown}
 f - a scroll of amnesia {unknown}
 i - 9 scrolls of identify {unknown}
 j - 2 scrolls of immolation {unknown}
 l - 6 scrolls of teleportation {unknown}
 o - 4 scrolls of fog {unknown}
 p - 2 scrolls of fear {unknown}
 q - 3 scrolls of blinking {unknown}
 r - a scroll of enchant armour {unknown}
 s - 2 scrolls of magic mapping {unknown}
 A - a scroll of random uselessness {unknown}
 C - a scroll of enchant weapon {unknown}
Potions
 a - a potion of brilliance {unknown}
 g - 5 potions of curing {unknown}
 k - 5 potions of might {unknown}
 m - 4 potions of magic {unknown}
 n - 4 potions of heal wounds {unknown}
 t - a potion of haste {unknown}
 u - a potion of mutation {unknown}
 v - a potion of agility {unknown}
 z - a potion of cancellation {unknown}
Comestibles
 c - 13 rations


   Skills:
 + Level 7.7 Fighting
 + Level 10.3 Axes
 + Level 9.0 Armour
 + Level 3.8 Dodging
 + Level 2.2 Stealth


You had 9 spell levels left.
You didn't know any spells.
Your spell library was empty.

Dungeon Overview and Level Annotations

Branches:
Dungeon (9/15)             Temple (1/1) D:7            Lair (0/6) D:9
    Orc: D:9-12

Altars:
Cheibriados
Dithmenos
Gozag
Nemelex Xobeh
Qazlal
Trog
Uskayaw
Wu Jian
Xom
Yredelemnul

Shops:
D:6 *

Annotations:
D:4 3 runed doors, WhitewaterBastard's ghost, amateur DsFi; greenreed's ghost, amateur GnSu


Innate Abilities, Weirdness & Mutations

You are resistant to torment.
Your stone body is resilient. (AC +7)
You are immune to poison.
You resist negative energy. (rN+)
You are resistant to electric shocks. (rElec)
You can survive without breathing.
You are immune to petrification.
You are immune to rotting.


Message History

The orc hits you but does no damage. The warg bites you!
* * * LOW HITPOINT WARNING * * *
You closely miss the orc.
Your chain mail prevents you from hitting the warg.
You hit the orc wizard.
The orc wizard hits you but does no damage.
The warg bites you but does no damage.
The orc wizard points at you and mumbles some strange words.
The magic dart hits you! The orc hits you with a hand axe.
* * * LOW HITPOINT WARNING * * *
The warg bites you!
* * * LOW HITPOINT WARNING * * *
You slice the orc!!
You kill the orc!
Trog accepts your kill.
You hit the orc wizard but do no damage.
You closely miss the orc wizard. You miss the warg.
The orc wizard hits you but does no damage. x2
The warg bites you!
You die...

########## #........#
#........#
#........#####
#...<........########
#........###o@)......
#........# ##oh.####.
#........# #.....#
#.....[..##.......#
#........##....P..#
#..................#
####.####..........#
#.. #.....>.....#
###+ ##...........


You could see a warg and 2 orc wizards.

Vanquished Creatures
  A hornet (D:8)
  A hippogriff (D:7)
  Grinder (D:3)
  Prince Ribbit (D:9)
  2 hogs (D:7)
  2 yaks (D:7)
  A human (D:7)
  2 hungry ghosts
  2 wargs (D:9)
  3 phantoms
  2 sky beasts
  A black bear (D:4)
  3 ogres
  4 centaurs
  5 bullfrogs
  3 scorpions
  3 killer bees (D:7)
  3 wights (D:6)
  2 howler monkeys
  2 centaur zombies (D:8)
  A crimson imp (D:5)
  A bullfrog zombie (D:5)
  A jelly (D:7)
  2 lava snakes (D:8)
  3 quasits
  2 orc priests (D:4)
  4 bullfrog skeletons
  A hound (D:5)
  15 orc wizards
  Jessica (D:3)
  2 iguanas
  7 worker ants
  A killer bee zombie (D:9)
  A hound skeleton (D:9)
  8 gnolls (D:4)
  18 adders
  2 river rats (Sewer)
  2 shadow imps
  2 oozes (Sewer)
  2 adder zombies
  An adder skeleton (D:5)
  A worm (D:2)
  A dart slug (D:1)
  2 leopard geckos
  36 orcs
  20 ball pythons
  5 giant cockroaches
  5 goblins
  9 hobgoblins
  11 jackals
  3 quokkas
  7 bats
  6 frilled lizards
  A jackal skeleton (D:6)
  A jackal zombie (D:7)
  7 kobolds
  A quokka skeleton (D:5)
  28 rats
265 creatures vanquished.

Vanquished Creatures (others)
  An orc priest (D:4)
  An adder (D:5)
  An orc (D:4)
  A withered plant (D:4)
4 creatures vanquished.

Grand Total: 269 creatures vanquished

Notes
Turn   | Place    | Note
-------+----------+-------------------------------------------
     0 | D:1      | Fang the Gargoyle Berserker began the quest for the Orb.
     0 | D:1      | Reached XP level 1. HP: 14/14 MP: 1/1
   236 | D:1      | Reached XP level 2. HP: 18/19 MP: 2/2
   301 | D:1      | Reached skill level 3 in Axes
   735 | D:2      | Reached XP level 3. HP: 17/24 MP: 3/3
   937 | D:2      | Reached XP level 4. HP: 28/29 MP: 4/4
  1446 | D:2      | Reached ** piety under Trog
  1828 | D:3      | Noticed Jessica
  1830 | D:3      | Reached XP level 5. HP: 33/33 MP: 5/5
  1843 | D:3      | Killed Jessica
  1843 | D:3      | Reached skill level 4 in Axes
  1889 | D:3      | Found a glowing drain.
  1928 | Sewer    | Entered a sewer
  2157 | Sewer    | Reached *** piety under Trog
  2678 | Sewer    | Reached XP level 6. HP: 40/40 MP: 6/6
  2691 | Sewer    | Reached skill level 5 in Fighting
  3069 | D:3      | Noticed Grinder
  3121 | D:3      | Paralysed by Grinder for 2 turns
  3123 | D:3      | HP: 2/40 [Grinder/nerve-wracking pain (4)]
  3126 | D:3      | Killed Grinder
  3126 | D:3      | Reached skill level 5 in Axes
  3126 | D:3      | Reached XP level 7. HP: 3/44 MP: 7/7
  3520 | D:3      | Found a stormy altar of Qazlal.
  3520 | D:3      | Found a snail-covered altar of Cheibriados.
  3587 | D:3      | Found a sparkling altar of Nemelex Xobeh.
  3639 | D:4      | Reached **** piety under Trog
  3854 | D:4      | Upgraded the game from 0.22.1-5-g62c59d9 to
                  | 0.22.1-6-g1668fe2
  3944 | D:4      | Reached skill level 6 in Axes
  3952 | D:4      | Reached XP level 8. HP: 31/51 MP: 4/8
  4217 | D:4      | Found a basalt altar of Yredelemnul.
  4220 | D:4      | Found a hide-covered altar of Uskayaw.
  4223 | D:4      | Found a shadowy altar of Dithmenos.
  4448 | D:4      | Reached skill level 5 in Armour
  4471 | D:4      | Found a runed gate.
  4471 | D:4      | Found a runed gate.
  4472 | D:4      | Found a runed gate.
  4496 | D:4      | Noticed WhitewaterBastard's ghost (amateur DsFi)
  4496 | D:4      | Noticed greenreed's ghost (amateur GnSu)
  4649 | D:4      | Reached skill level 7 in Axes
  4765 | D:5      | Entered Level 5 of the Dungeon
  5018 | D:5      | Reached XP level 9. HP: 13/56 MP: 2/9
  5394 | D:5      | Reached ***** piety under Trog
  5511 | D:5      | Reached skill level 8 in Axes
  5661 | D:5      | Found a bloodstained altar of Trog.
  5807 | D:6      | Found an ornate altar of the Wu Jian Council.
  6611 | D:6      | Found Esaas's General Store.
  6830 | D:6      | Found a shimmering altar of Xom.
  6977 | D:7      | Reached skill level 9 in Axes
  7159 | D:7      | Reached XP level 10. HP: 6/63 MP: 1/10
  7498 | D:7      | Found a staircase to the Ecumenical Temple.
  7509 | Temple   | Entered the Ecumenical Temple
  7628 | D:7      | Paralysed by fainting for 6 turns
  7661 | D:7      | Paralysed by fainting for 9 turns
  8212 | D:8      | Reached skill level 10 in Axes
  8258 | D:8      | Found an opulent altar of Gozag.
  8849 | D:9      | Noticed Prince Ribbit
  8862 | D:9      | Killed Prince Ribbit
  8998 | D:9      | Found a staircase to the Lair.
  9021 | D:9      | Received a gift from Trog
  9025 | D:9      | Slain by a warg

Skill      XL: |  1  2  3  4  5  6  7  8  9 10 |
---------------+-------------------------------+-----
Axes           | 3 4 5 6 7 9 10 | 10.3
Fighting       | 4 5 6 7 |  7.7
Dodging        | 2 3 |  3.8
Armour         | 3 4 6 7 9 |  9.0
Stealth        | 2 |  2.2

Action                   |  1- 3 |  4- 6 |  7- 9 | 10-12 || total
-------------------------+-------+-------+-------+-------++-------
Melee: Hand axe          |    72 |   322 |   527 |       ||   921
       War axe           |       |       |    65 |   192 ||   257
Invok: Berserk           |       |     2 |     3 |     2 ||     7
  Eat: Chunk             |       |     9 |    14 |     6 ||    29
       Ration            |       |       |     1 |     3 ||     4
Armor: Animal skin       |    18 |       |       |       ||    18
       Chain mail        |    29 |   269 |   495 |   146 ||   939
Dodge: Dodged            |    48 |   208 |   317 |   101 ||   674
